 Dungeon Crawl Stone Soup version 0.31-a0-818-ge7c7cf74f0 (webtiles) character file.

Game seed: 12904491031902715262

20 IdlyInterested the Trooper (level 2, -1/24 HPs)
             Began as a Demonspawn Fighter on Sept 22, 2023.
             Slain by a worm (9 damage)
             ... on level 2 of the Dungeon.
             The game lasted 00:02:01 (759 turns).

IdlyInterested the Trooper (Demonspawn Fighter)      Turns: 759, Time: 00:02:02

Health: -1/24      AC:  6    Str: 16    XL:     2   Next: 58%
Magic:  4/4        EV:  8    Int:  9    God:
Gold:   80         SH:  4    Dex: 12    Spells: 4/4 levels left

rFire   . . .        a - +0 rapier
rCold   + . .        c - +0 buckler
rNeg    . . .        b - +0 scale mail
rPois   .            (no helmet)
rElec   .            (no cloak)
rCorr   .            (no gloves)
SInv    .            (no boots)
Will    +....        (no amulet) Stlth
                     g - ring of willpower
HPRegen 0.24/turn    i - ring of protection from cold
MPRegen 0.09/turn

%: no passive effects
@: no status effects
A: ignite blood 1
a: no special abilities


You were on level 2 of the Dungeon.
You visited 1 branch of the dungeon, and saw 2 of its levels.

You collected 80 gold pieces.

Inventory:

Hand Weapons
 a - a +0 rapier (weapon)
 f - a +0 dagger
 k - a +0 long sword
Missiles
 e - 13 stones (quivered)
 j - 2 poisoned darts
 m - 5 boomerangs
Armour
 b - a +0 scale mail (worn)
 c - a +0 buckler (worn)
Jewellery
 g - a ring of willpower (left hand)
 i - a ring of protection from cold (right hand)
Scrolls
 h - a scroll of blinking {unknown}
 n - a scroll of identify {unknown}
Potions
 d - a potion of might
 l - a potion of brilliance {unknown}
 o - a potion of lignification {unknown}


   Skills:
 - Level 3.0 Fighting
 - Level 2.0 Short Blades
 + Level 2.8 Armour
 - Level 2.6 Shields
 * Level 1.6 Spellcasting


You had 4 spell levels left.
You didn't know any spells.
Your spell library was empty.

Dungeon Overview and Level Annotations

Branches:
Dungeon (2/15)

Altars:
Makhleb


Innate Abilities, Weirdness & Mutations

Your demonic aura sometimes causes spilled blood to erupt in flames.


Message History

Found a stone staircase leading down.
There is a stone staircase leading up here.
You completely miss the rat. The rat bites you.
You closely miss the rat. The rat closely misses you.
You hit the rat.
You kill the rat!
The giant cockroach bites you but does no damage.
The giant cockroach closely misses you.
You closely miss the giant cockroach.
The giant cockroach bites you but does no damage.
You hit the giant cockroach.
The giant cockroach is moderately wounded.
The giant cockroach bites you but does no damage.
You hit the giant cockroach but do no damage.
The giant cockroach is moderately wounded.
The giant cockroach bites you.
The giant cockroach bites you but does no damage.
You hit the giant cockroach.
You kill the giant cockroach!
Found a stone staircase leading down.
o - a sedimented blue potion
There is a stone staircase leading up, spattered with blood here.
You climb upwards.
There is a stone staircase leading down here.
There is a stone staircase leading down here.
You climb downwards.
Found a stone staircase leading down.
There is a stone staircase leading up here.
Found a scroll labelled HOXKOQ PAEDILO.
The worm bites you!
Found a short sword.
You barely miss the worm. The worm bites you.
You hit the worm.
The worm is moderately wounded.
You barely miss the worm.
The worm is moderately wounded.
The worm bites you.
You barely miss the worm.
The worm is lightly wounded.
The worm bites you!
You die...

#.........#
#.........#
#.........#
#.......<.# .
##.........#
?.#..........#
.............#
.............#
...#.>.@w....#
#..........#
##........##
..........#
....####...#
#.### #### ...
).


You could see a worm.

Vanquished Creatures
  A dart slug (D:1)
  A ball python (D:1)
  2 endoplasms (D:1)
  3 giant cockroaches
  A goblin (D:1)
  3 hobgoblins (D:1)
  2 bats (D:1)
  A kobold (D:1)
  2 rats
16 creatures vanquished.

Notes
Turn   | Place    | Note
-------+----------+-------------------------------------------
     0 | D:1      | IdlyInterested the Demonspawn Fighter began the quest for
                  | the Orb.
     0 | D:1      | Reached XP level 1. HP: 18/18 MP: 1/1
   149 | D:1      | Reached skill level 1 in Spellcasting
   223 | D:1      | Gained mutation: Your demonic aura sometimes causes spilled
                  | blood to erupt in flames. [demonic ancestry]
   223 | D:1      | Reached XP level 2. HP: 23/24 MP: 3/3
   674 | D:2      | Found a burning altar of Makhleb.
   759 | D:2      | Slain by a worm

Illustrated notes

Levels and vault maps discovered:
D:1:      roderic_lyre, layout_rooms
D:2:      layout_rooms, basic_altar, mrwooster_statue_mirror,
          nicolae_underground_beach, uniq_terence, uniq_jessica, uniq_natasha

Skill      XL: |  1 |
---------------+----+-----
Short Blades   | 2 |  2.0
Spellcasting   | 1 |  1.6
Fighting       | |  3.0
Armour         | |  2.8
Shields        | |  2.6

Action                     || total
---------------------------++-------
  Melee: Rapier            ||    54
 Armour: Scale mail        ||    33
  Dodge: Dodged            ||    19
  Block: Buckler           ||     9

Table legend: (Time is in decaauts)
 A = Elapsed time spent in this place.
 B = Non-inter-level travel time spent in this place.
 C = Inter-level travel time spent in this place.
 D = Time resting spent in this place.
 E = Time spent auto-exploring this place.
 F = Levels seen in this place.
 G = Mean time per level.
                   A        B        C        D        E       F      G
               +--------+--------+--------+--------+--------+-----+--------+
         Total |    765 |    667 |     98 |      0 |    473 |   2 |  382.5 |
       Dungeon |    765 |    667 |     98 |      0 |    473 |   2 |  382.5 |
               +--------+--------+--------+--------+--------+-----+--------+

Top non-repeatable levels by time:
     D:1: 738 daAuts
     D:2: 26 daAuts
